SAA
WESTWOOD SIXSHOOTERS @ YAKIMA HOPS
08/09/2028
 
TOP OF THE 1ST
Westwood Sixshooters batting - Pitching for Yakima Hops : RHP Brian Walker
Pitching: RHP Brian Walker
Batting: LHB António Quintero 0-0: Ball
1-0: Foul Ball, location: 2F
1-1: Foul Ball, location: 2F
1-2: Ball
2-2: Fly out, F8 (Flyball, 78XD)
Batting: LHB Juan Romero 0-0: Swinging Strike
0-1: Foul Ball, location: 2F
0-2: Ball
1-2: Ball
2-2: Fly out, F5 (Line Drive, 56)
Batting: RHB Steve Bock 0-0: Ball
1-0: Ball
2-0: Ground out 5-3 (Groundball, 56S)
Top of the 1st over - 0 run(s), 0 hit(s), 0 error(s), 0 left on base; Westwood 0 - Yakima 0
BOTTOM OF THE 1ST
Yakima Hops batting - Pitching for Westwood Sixshooters : RHP Tye Collyer
Pitching: RHP Tye Collyer
Batting: LHB Pedro Tapia 0-0: Ball
1-0: Ball
2-0: Ball
3-0: Called Strike
3-1: Foul Ball, location: 2F
3-2: SOLO HOME RUN (Flyball, 7D), Distance : 392 ft
Batting: LHB Bob Maher 0-0: Ball
1-0: Ball
2-0: Ball
3-0: Called Strike
3-1: Base on Balls
Batting: RHB Jud Regan 0-0: Called Strike
0-1: Ball
1-1: Called Strike
1-2: Foul Ball, location: 2F
1-2: Ball
2-2: Ball
3-2: Foul Ball, location: 2F
3-2: SINGLE (Line Drive, 56D)
Bob Maher to second
Batting: RHB Colin O'Connell 0-0: Ball
1-0: Ball
2-0: Called Strike
2-1: Ground out 5-3 (Groundball, 56S)
Bob Maher to third
Jud Regan to second
Batting: SHB José Ángel 0-0: Foul Ball, location: 2F
0-1: Foul Ball, location: 2F
0-2: Ball
1-2: Ball
2-2: Foul Ball, location: 2F
2-2: SINGLE (Groundball, 34D)
Bob Maher scores
Jud Regan to third
Runner from 3rd tries for Home, SAFE, no throw
Batting: SHB Marlon Webster 0-0: Called Strike
0-1: Ball
1-1: Ball
2-1: Ball
3-1: Base on Balls
José Ángel to second
Batting: RHB Xavier Gama 0-0: Ball
1-0: Called Strike
1-1: Ball
2-1: Ball
3-1: Ground out 6-3 (Groundball, 6S)
José Ángel to third
Marlon Webster to second
Batting: SHB Adam Staats 0-0: Called Strike
0-1: Ball
1-1: Ground out 4-3 (Groundball, 34D)
Bottom of the 1st over - 3 run(s), 3 hit(s), 0 error(s), 2 left on base; Westwood 0 - Yakima 3
TOP OF THE 2ND
Westwood Sixshooters batting - Pitching for Yakima Hops : RHP Brian Walker
Batting: LHB Mitchell Cusimano 0-0: Foul Ball, location: 2F
0-1: Ball
1-1: Swinging Strike
1-2: Fly out, F6 (Popup, 56D)
Batting: RHB Chris Corella 0-0: Ball
1-0: Called Strike
1-1: Swinging Strike
1-2: Foul Ball, location: 2F
1-2: Strikes out swinging
Batting: LHB Lorenzo Díaz 0-0: Called Strike
0-1: Called Strike
0-2: Ground out 4-3 (Groundball, 4)
Top of the 2nd over - 0 run(s), 0 hit(s), 0 error(s), 0 left on base; Westwood 0 - Yakima 3
BOTTOM OF THE 2ND
Yakima Hops batting - Pitching for Westwood Sixshooters : RHP Tye Collyer
Batting: RHB Luis Rodríguez 0-0: Foul Ball, location: 2F
0-1: Ball
1-1: Ball
2-1: Foul Ball, location: 2F
2-2: Strikes out looking
Batting: LHB Pedro Tapia 0-0: Ball
1-0: Ground out U3 (Groundball, 34)
Batting: LHB Bob Maher 0-0: Foul Ball, location: 2F
0-1: Ball
1-1: Foul Ball, location: 2F
1-2: Strikes out looking
Bottom of the 2nd over - 0 run(s), 0 hit(s), 0 error(s), 0 left on base; Westwood 0 - Yakima 3
TOP OF THE 3RD
Westwood Sixshooters batting - Pitching for Yakima Hops : RHP Brian Walker
Batting: RHB Alonso Zamora 0-0: Ball
1-0: Ball
2-0: Reached on error, E5 (Groundball, 5S)
Batting: RHB Alberto Lastaneda 0-0: Ball
1-0: Ball
2-0: Ball
3-0: Base on Balls
Alonso Zamora to second
Batting: LHB Phil Minor 0-0: Ball
1-0: Ball
2-0: Called Strike
2-1: Ball
3-1: Called Strike
3-2: SINGLE (Line Drive, 6M)
Alonso Zamora to third
Alberto Lastaneda to second
Batting: LHB António Quintero 0-0: Called Strike
0-1: Ground out 4-3 (Groundball, 34D)
Alonso Zamora scores
Alberto Lastaneda to third
Phil Minor to second
Batting: LHB Juan Romero 0-0: Ball
1-0: Swinging Strike
1-1: Fly out, F9 (Flyball, 89M)
Runner from 3rd tags up, SCORES, no throw
Batting: RHB Steve Bock 0-0: Ball
1-0: Called Strike
1-1: Ball
2-1: Hit by Pitch
Batting: LHB Mitchell Cusimano 0-0: Ball
1-0: Called Strike
1-1: Called Strike
1-2: Fly out, F7 (Flyball, 7)
Top of the 3rd over - 2 run(s), 1 hit(s), 1 error(s), 2 left on base; Westwood 2 - Yakima 3
BOTTOM OF THE 3RD
Yakima Hops batting - Pitching for Westwood Sixshooters : RHP Tye Collyer
Batting: RHB Jud Regan 0-0: Called Strike
0-1: Ball
1-1: Ball
2-1: Ball
3-1: Fly out, F9 (Line Drive, 89S)
Batting: RHB Colin O'Connell 0-0: Called Strike
0-1: SINGLE (Groundball, 56D)
Batting: SHB José Ángel 0-0: Called Strike
0-1: Swinging Strike
0-2: Strikes out looking
Batting: SHB Marlon Webster 0-0: Called Strike
0-1: Ball
1-1: Fly out, F7 (Line Drive, 7S)
Bottom of the 3rd over - 0 run(s), 1 hit(s), 0 error(s), 1 left on base; Westwood 2 - Yakima 3
TOP OF THE 4TH
Westwood Sixshooters batting - Pitching for Yakima Hops : RHP Brian Walker
Batting: RHB Chris Corella 0-0: Called Strike
0-1: Ball
1-1: Ground out 1-3 (Groundball, 15)
Batting: LHB Lorenzo Díaz 0-0: Called Strike
0-1: Foul Ball, location: 2F
0-2: Foul Ball, location: 2F
0-2: Ball
1-2: Ground out 6-3 (Groundball, 6)
Batting: RHB Alonso Zamora 0-0: Fly out, F9 (Line Drive, 9)
Top of the 4th over - 0 run(s), 0 hit(s), 0 error(s), 0 left on base; Westwood 2 - Yakima 3
BOTTOM OF THE 4TH
Yakima Hops batting - Pitching for Westwood Sixshooters : RHP Tye Collyer
Batting: RHB Xavier Gama 0-0: Swinging Strike
0-1: Ball
1-1: Ground out 6-3 (Groundball, 6)
Batting: SHB Adam Staats 0-0: Called Strike
0-1: Swinging Strike
0-2: Ball
1-2: Strikes out swinging
Batting: RHB Luis Rodríguez 0-0: Called Strike
0-1: Ball
1-1: Foul Ball, location: 2F
1-2: Fly out, F8 (Flyball, 8RS)
Bottom of the 4th over - 0 run(s), 0 hit(s), 0 error(s), 0 left on base; Westwood 2 - Yakima 3
TOP OF THE 5TH
Westwood Sixshooters batting - Pitching for Yakima Hops : RHP Brian Walker
Batting: RHB Alberto Lastaneda 0-0: Ball
1-0: SINGLE (Groundball, 4) (infield hit)
Batting: LHB Phil Minor 0-0: Ball
1-0: Sac Bunt - play at first, batter OUT! 5-4
Alberto Lastaneda to second
Batting: LHB António Quintero 0-0: Fly out, F8 (Line Drive, 78M)
Lined into DP, 8-4 (Line Drive, 78M)
Top of the 5th over - 0 run(s), 1 hit(s), 0 error(s), 0 left on base; Westwood 2 - Yakima 3
BOTTOM OF THE 5TH
Yakima Hops batting - Pitching for Westwood Sixshooters : RHP Tye Collyer
Pitching: RHP Esteban García
Batting: LHB Pedro Tapia 0-0: Foul Ball, location: 2F
0-1: Ground out U3 (Groundball, 34S)
Batting: LHB Bob Maher 0-0: SINGLE (Groundball, 3D)
Batting: RHB Jud Regan 0-0: Called Strike
0-1: Ball
1-1: Foul Ball, location: 2F
1-2: Strikes out swinging
Batting: RHB Colin O'Connell 0-0: Called Strike
0-1: Ball
1-1: Ball
2-1: Fly out, F9 (Line Drive, 89M)
Bottom of the 5th over - 0 run(s), 1 hit(s), 0 error(s), 1 left on base; Westwood 2 - Yakima 3
TOP OF THE 6TH
Westwood Sixshooters batting - Pitching for Yakima Hops : RHP Brian Walker
Batting: LHB Juan Romero 0-0: Ball
1-0: Called Strike
1-1: Called Strike
1-2: Fly out, F3 (Line Drive, 34)
Batting: RHB Steve Bock 0-0: Swinging Strike
0-1: Ball
1-1: Ground out 1-3 (Groundball, P)
Batting: LHB Mitchell Cusimano 0-0: Ball
1-0: Called Strike
1-1: Ball
2-1: Ground out 4-3 (Groundball, 4)
Top of the 6th over - 0 run(s), 0 hit(s), 0 error(s), 0 left on base; Westwood 2 - Yakima 3
BOTTOM OF THE 6TH
Yakima Hops batting - Pitching for Westwood Sixshooters : RHP Esteban García
Batting: SHB José Ángel 0-0: Ball
1-0: Ball
2-0: Swinging Strike
2-1: Ball
3-1: Swinging Strike
3-2: Fly out, F3 (Line Drive, 34)
Batting: SHB Marlon Webster 0-0: Called Strike
0-1: Ball
1-1: SINGLE (Groundball, 4D)
Pinch Runner at 1st Mitchell Hobbs:
Batting: RHB Xavier Gama 0-0: Ball
1-0: Called Strike
1-1: Ball
Mitchell Hobbs steals 2nd base
2-1: Intentional Walk
Batting: SHB Adam Staats 0-0: Ball
1-0: Foul Ball, location: 2F
1-1: Foul Ball, location: 2F
1-2: Ball
2-2: Ground out 4-3 (Groundball, 34D)
Mitchell Hobbs to third
Xavier Gama to second
Batting: RHB Luis Rodríguez 0-0: Ball
1-0: Called Strike
1-1: Ball
2-1: Called Strike
2-2: Foul Ball, location: 2F
2-2: Ball
3-2: Strikes out swinging
Bottom of the 6th over - 0 run(s), 1 hit(s), 0 error(s), 2 left on base; Westwood 2 - Yakima 3
TOP OF THE 7TH
Westwood Sixshooters batting - Pitching for Yakima Hops : RHP Brian Walker
Now at 3B: Mario Salazar
Batting: RHB Chris Corella 0-0: Called Strike
0-1: Foul Ball, location: 2F
0-2: Strikes out swinging
Batting: LHB Lorenzo Díaz 0-0: Foul Ball, location: 2F
0-1: Ball
1-1: Called Strike
1-2: Ground out U3 (Groundball, 34)
Batting: RHB Alonso Zamora 0-0: Ball
1-0: Called Strike
1-1: Ball
2-1: Called Strike
2-2: Foul Ball, location: 2F
2-2: Fly out, F9 (Flyball, 9S)
Top of the 7th over - 0 run(s), 0 hit(s), 0 error(s), 0 left on base; Westwood 2 - Yakima 3
BOTTOM OF THE 7TH
Yakima Hops batting - Pitching for Westwood Sixshooters : RHP Esteban García
Batting: LHB Pedro Tapia 0-0: Ball
1-0: Fly out, F9 (Line Drive, 9)
Batting: LHB Bob Maher 0-0: Swinging Strike
0-1: Ball
1-1: SINGLE (Line Drive, 7S)
Batting: RHB Jud Regan 0-0: DOUBLE (Line Drive, 78D)
Bob Maher to third
Batting: RHB Colin O'Connell 0-0: Intentional Walk
Batting: SHB José Ángel 0-0: Foul Ball, location: 2F
0-1: Ball
1-1: Swinging Strike
1-2: Fly out, F7 (Line Drive, 7)
Runner from 3rd tags up, SCORES, throw made
Pitching: RHP Kevin Samuels
Batting: RHB Mario Salazar 0-0: Foul Ball, location: 2F
0-1: Ball
1-1: Swinging Strike
1-2: Strikes out swinging
Bottom of the 7th over - 1 run(s), 2 hit(s), 0 error(s), 2 left on base; Westwood 2 - Yakima 4
TOP OF THE 8TH
Westwood Sixshooters batting - Pitching for Yakima Hops : RHP Brian Walker
Batting: RHB Alberto Lastaneda 0-0: Ball
1-0: Ball
2-0: Ball
3-0: Base on Balls
Pitching: RHP Chris Lynskey
Batting: LHB Phil Minor 0-0: Called Strike
0-1: Ball
1-1: Ball
2-1: Foul Ball, location: 2F
2-2: Strikes out looking
Pitching: RHP Jesús Pineda
Batting: LHB António Quintero 0-0: Fly out, F7 (Line Drive, 7)
Batting: LHB Juan Romero 0-0: Ball
1-0: Called Strike
1-1: Ball
Wild Pitch!
Alberto Lastaneda to second
2-1: 2-RUN HOME RUN (Flyball, 9D), Distance : 368 ft
Pinch Hitting: LHB José Martínez 0-0: Called Strike
0-1: Called Strike
0-2: Strikes out swinging
Top of the 8th over - 2 run(s), 1 hit(s), 0 error(s), 0 left on base; Westwood 4 - Yakima 4
BOTTOM OF THE 8TH
Yakima Hops batting - Pitching for Westwood Sixshooters : RHP Kevin Samuels
Now in RF: José Martínez
Pinch Hitting: LHB Jean Tannen 0-0: Ground out 1-3 (Groundball, 15S)
Batting: SHB Adam Staats 0-0: Ball
1-0: Ball
2-0: Called Strike
2-1: Ground out 4-3 (Groundball, 4S)
Batting: RHB Luis Rodríguez 0-0: Foul Ball, location: 2F
0-1: Ball
1-1: Foul Ball, location: 2F
1-2: Fly out, F7 (Line Drive, 7)
Bottom of the 8th over - 0 run(s), 0 hit(s), 0 error(s), 0 left on base; Westwood 4 - Yakima 4
TOP OF THE 9TH
Westwood Sixshooters batting - Pitching for Yakima Hops : RHP Jesús Pineda
Pitching: RHP Jack Thornton
Now in LF: Jean Tannen
Batting: LHB Mitchell Cusimano 0-0: Ball
1-0: Ball
2-0: Ball
3-0: Called Strike
3-1: SINGLE (Groundball, 4MD)
Batting: RHB Chris Corella 0-0: Ball
1-0: Ball
2-0: Called Strike
2-1: Called Strike
2-2: Grounds into double play, 5-4-3 (Groundball, 56)
Batting: LHB Lorenzo Díaz 0-0: Ball
1-0: Ball
2-0: Foul Ball, location: 2F
2-1: Foul Ball, location: 2F
2-2: DOUBLE (Line Drive, 9LS)
Pinch Hitting: RHB Sancho Tornero 0-0: Swinging Strike
0-1: Fly out, F7 (Flyball, 7D)
Top of the 9th over - 0 run(s), 2 hit(s), 0 error(s), 1 left on base; Westwood 4 - Yakima 4
BOTTOM OF THE 9TH
Yakima Hops batting - Pitching for Westwood Sixshooters : RHP Kevin Samuels
Now at 1B: Jesús Rodríguez
Batting: LHB Pedro Tapia 0-0: Fly out, F9 (Line Drive, 9S)
Batting: LHB Bob Maher 0-0: Ball
1-0: Called Strike
1-1: Ball
2-1: Ball
3-1: Foul Ball, location: 2F
3-2: Strikes out looking
Batting: RHB Jud Regan 0-0: Ball
1-0: Fly out, F8 (Flyball, 8LM)
Bottom of the 9th over - 0 run(s), 0 hit(s), 0 error(s), 0 left on base; Westwood 4 - Yakima 4
TOP OF THE 10TH
Westwood Sixshooters batting - Pitching for Yakima Hops : RHP Jack Thornton
Pinch Hitting: SHB Ramón García 0-0: Ball
1-0: Foul Ball, location: 2F
1-1: Ground out 6-3 (Groundball, 6M)
Batting: LHB Phil Minor 0-0: Swinging Strike
0-1: Ball
1-1: Ground out 4-3 (Groundball, 4)
Batting: LHB António Quintero 0-0: Ball
1-0: Fly out, F7 (Flyball, 7)
Top of the 10th over - 0 run(s), 0 hit(s), 0 error(s), 0 left on base; Westwood 4 - Yakima 4
BOTTOM OF THE 10TH
Yakima Hops batting - Pitching for Westwood Sixshooters : RHP Kevin Samuels
Now in LF: Nick Hoskins
Batting: RHB Colin O'Connell 0-0: Ball
1-0: Fly out, F7 (Flyball, 78D)
Batting: SHB José Ángel 0-0: Ball
1-0: Foul Ball, location: 2F
1-1: Called Strike
1-2: Fly out, F4 (Popup, 4S)
Batting: RHB Mario Salazar 0-0: Ground out 6-3 (Groundball, 6)
Bottom of the 10th over - 0 run(s), 0 hit(s), 0 error(s), 0 left on base; Westwood 4 - Yakima 4
TOP OF THE 11TH
Westwood Sixshooters batting - Pitching for Yakima Hops : RHP Jack Thornton
Pinch Hitting: LHB Jim Schlossnagle 0-0: Ball
1-0: Ball
2-0: Called Strike
2-1: Called Strike
2-2: Ball
3-2: Base on Balls
Pinch Runner at 1st Manny Flores:
Batting: LHB José Martínez 0-0: Ball
1-0: Ball
2-0: Foul Ball, location: 2F
2-1: Swinging Strike
2-2: Strikes out swinging
Batting: LHB Mitchell Cusimano 0-0: Ball
1-0: Ball
2-0: Ball
3-0: Base on Balls
Manny Flores to second
Batting: RHB Chris Corella 0-0: Ball
1-0: Ball
2-0: Ball
3-0: Called Strike
3-1: Foul Ball, location: 2F
3-2: Reached on error, E5 (Groundball, 5)
Manny Flores to third
Mitchell Cusimano to second
Batting: LHB Lorenzo Díaz 0-0: Foul Ball, location: 2F
0-1: Ball
1-1: Foul Ball, location: 2F
1-2: Ball
2-2: Foul Ball, location: 2F
2-2: DOUBLE (Flyball, 78D)
Manny Flores scores
Mitchell Cusimano scores
Chris Corella to third
Pitching: RHP Mark Poirer
Batting: SHB Jesús Rodríguez 0-0: Called Strike
0-1: Called Strike
0-2: Strikes out swinging
Batting: RHB Nick Hoskins 0-0: Foul Ball, location: 2F
0-1: Ball
1-1: Ball
2-1: Swinging Strike
2-2: Ball
Wild Pitch!
Chris Corella scores
Lorenzo Díaz to third
3-2: Strikes out looking
Top of the 11th over - 3 run(s), 1 hit(s), 1 error(s), 1 left on base; Westwood 7 - Yakima 4
BOTTOM OF THE 11TH
Yakima Hops batting - Pitching for Westwood Sixshooters : RHP Kevin Samuels
Pitching: LHP Christian Clayton
Now in CF: Edgar González
Batting: LHB Jean Tannen 0-0: Fly out, F7 (Flyball, 7S)
Batting: SHB Adam Staats 0-0: Ball
1-0: Foul Ball, location: 2F
1-1: Foul Ball, location: 2F
1-2: Fly out, F6 (Popup, 6S)
Batting: RHB Luis Rodríguez 0-0: Ball
1-0: Foul Ball, location: 2F
1-1: Ball
2-1: Fly out, F8 (Flyball, 8RM)
Bottom of the 11th over - 0 run(s), 0 hit(s), 0 error(s), 0 left on base; Westwood 7 - Yakima 4
Wednesday, August 23rd, 2017 - OOTP Baseball 17.12 Build 75